 Dungeon Crawl Stone Soup version 0.32-a0-868-g153ae1a8d6 (webtiles) character file.

Game seed: 11263631514234927114

3721 wilfster70 the Frost Mage (level 10, -2/54 (66) HPs)
             Began as a Gnoll Ice Elementalist on Mar 28, 2024.
             Was a Follower of Hepliaklqana.
             Slain by a wight
             ... wielding a +3 great sword of freezing
              (14 damage)
             ... on level 8 of the Dungeon.
             The game lasted 00:23:57 (6339 turns).

wilfster70 the Frost Mage (Gnoll Ice Elementalist)  Turns: 6339, Time: 00:23:58

HP:   -2/54 (66)    AC: 17    Str:  7    XL:     10   Next: 14%
MP:   20/20         EV: 13    Int: 19    God:    Hepliaklqana [*.....]
Gold: 373           SH:  7    Dex: 13    Spells: 16/23 levels left

rFire   . . .        b - +2 dagger (venom)
rCold   . . .        f - +2 buckler
rNeg    . . .        B - +1 robe
rPois   .            (no helmet)
rElec   .            (no cloak)
rCorr   .            v - +0 pair of gloves
SInv    .            x - +0 pair of boots
Will    .....        w - amulet of magic regeneration
Stlth   +++          s - +4 ring of protection
HPRegen 0.29/turn    r - ring of wizardry
MPRegen 0.57/turn

%: wizardry (x1)
@: ice-armoured, heavily drained
A: reduced essence, fangs 1, strong nose, distributed training
a: Renounce Religion, Recall Ancestor, Ancestor Identity


You were on level 8 of the Dungeon.
You worshipped Hepliaklqana.
Hepliaklqana was aware of your devotion.
You visited 2 branches of the dungeon, and saw 9 of its levels.

You collected 401 gold pieces.
You spent 28 gold pieces at shops.

Inventory:

Hand Weapons
 a - a +3 heavy sling
 b - a +2 dagger of venom (weapon)
 n - a +3 dagger of flaming
Missiles
 d - 23 poisoned darts
 y - 6 curare-tipped darts
 C - 3 throwing nets
Armour
 f - a +2 buckler (worn)
 v - a +0 pair of gloves (worn)
 x - a +0 pair of boots (worn)
 B - a +1 robe (worn)
Jewellery
 r - a ring of wizardry (right hand)
 s - a +4 ring of protection (left hand)
 w - an amulet of magic regeneration (around neck)
 H - a ring of flight
Wands
 E - a wand of warping (14)
Scrolls
 c - 2 scrolls of blinking
 e - a scroll of amnesia {unknown}
 g - a scroll of immolation
 i - a scroll of butterflies
 o - 2 scrolls of teleportation
 q - a scroll of torment {unknown}
 u - 5 scrolls of brand weapon
Potions
 h - 2 potions of mutation {unknown}
 j - a potion of haste {unknown}
 k - 5 potions of lignification
 l - a potion of magic
 m - a potion of curing
 p - 2 potions of enlightenment
 t - a potion of berserk rage
 z - 2 potions of cancellation
 A - a potion of invisibility {unknown}
 D - a potion of brilliance {unknown}
 G - a potion of degeneration {unknown}


   Skills:
 + Level 5.2 Fighting
 + Level 5.2 Short Blades
 + Level 5.2 Long Blades
 + Level 5.2 Axes
 + Level 5.2 Maces & Flails
 + Level 5.2 Polearms
 + Level 5.2 Staves
 + Level 5.2 Ranged Weapons
 + Level 5.2 Throwing
 + Level 5.2 Armour
 + Level 7.0 Dodging
 + Level 6.7 Stealth
 + Level 5.2 Shields
 + Level 5.2 Unarmed Combat
 + Level 7.3 Spellcasting
 + Level 4.3 Conjurations
 + Level 4.3 Hexes
 + Level 4.3 Summonings
 + Level 4.3 Necromancy
 + Level 4.3 Translocations
 + Level 4.3 Fire Magic
 + Level 8.4 Ice Magic
 + Level 4.3 Air Magic
 + Level 4.3 Earth Magic
 + Level 4.3 Alchemy
 + Level 5.7 Invocations
 + Level 5.2 Evocations
 + Level 4.7 Shapeshifting


You had 16 spell levels left.
You knew the following spells:

 Your Spells              Type           Power      Damage    Failure   Level
a - Freeze                Ice            100%       1d10      1%          1
b - Frozen Ramparts       Ice            76%        1d12      1%          3
c - Ozocubu's Armour      Ice            38%        N/A       1%          3

Your spell library contained the following spells:

 Spells                   Type           Power      Damage    Failure   Level
 Apportation              Tloc           46%        N/A       1%          1
 Foxfire                  Conj/Fire      92%        2x1d8     1%          1
 Necrotise                Necr           92%        1d8       1%          1
 Sting                    Conj/Alch      92%        1d8       1%          1
 Summon Small Mammal      Summ           92%        N/A       1%          1
 Mercury Vapours          Alch/Air       46%        N/A       1%          2
 Hailstorm                Conj/Ice       31%        3d8       1%          3
 Summon Ice Beast         Ice/Summ       31%        N/A       1%          3
 Olgreb's Toxic Radiance  Alch           23%        N/A       11%         4
 Permafrost Eruption      Ice/Erth       15%        2x4d5     52%         6
 Sculpt Simulacrum        Ice/Alch       15%        N/A       52%         6
 Plasma Beam              Fire/Air       11%        2x1d22    80%         6
 Starburst                Conj/Fire      11%        6d5       80%         6


Dungeon Overview and Level Annotations

Branches:
Dungeon (8/15)             Temple (1/1) D:4
   Lair: D:8-11

Altars:
Ashenzari
Dithmenos
Elyvilon
Gozag
Hepliaklqana
Kikubaaqudgha
Makhleb
Okawaru
Qazlal
Ru
Sif Muna
Uskayaw
Vehumet
Wu Jian
Xom
Zin
The Shining One

Shops:
D:2 *?   D:6 *


Innate Abilities, Weirdness & Mutations

Your life essence is reduced to manifest your ancestor. (-10% HP)
You have very sharp teeth.
Your uncanny sense of smell can sniff out nearby items.
Your experience applies equally to all skills.


Message History

The sling bullet hits the wight but does no damage.
The wight is severely damaged.
The frozen ramparts melt away.
The wight closely misses you. The black bear closely misses you.
The black bear claws you but does no damage.
You block the black bear's attack.
The wight hits you with a +3 great sword of freezing.
* * * LOW HITPOINT WARNING * * *
You feel drained.
* * * LOW HITPOINT WARNING * * *
The wight freezes you.
* * * LOW HITPOINT WARNING * * *
Unknown command.
You feel better.
The black bear bites you but does no damage.
You block the black bear's attack. The black bear closely misses you.
The wight hits you with a +3 great sword of freezing.
* * * LOW HITPOINT WARNING * * *
The wight freezes you.
* * * LOW HITPOINT WARNING * * *
You are confused.
You feel invigorated. The black bear closely misses you.
The black bear claws you.
* * * LOW HITPOINT WARNING * * *
The black bear claws you but does no damage.
The wight closely misses you.
Your +2 dagger of venom begins to drip with poison!
b - a +2 dagger of venom (weapon)
The wight hits you with a +3 great sword of freezing.
* * * LOW HITPOINT WARNING * * *
You feel drained.
* * * LOW HITPOINT WARNING * * *
The wight freezes you.
* * * LOW HITPOINT WARNING * * *
The black bear bites you but does no damage.
The black bear claws you but does no damage. x2
You feel better.
You feel less invigorated.
The wight hits you with a +3 great sword of freezing!
You die...
Hepliaklqana delivers you to your ancestors.

#.....##...#....
#.....##........#.
......##......##..
......##......##..
......##......##.#
......##......##.#
..............##h#.#
.#.#####......##h#.#
.#.# ###.#####@#.#
#. .#.## #.##
#z#.###... ....#
#..# #.#.#... ....#
#..####.#... †...#
#....##.#.# ##.##
#.##.##...# #.# #.#
.##.#.# #.# #.#
..>#.# #.#
#.#######.#


You could see 2 black bears and a wight.

Vanquished Creatures
  A two-headed ogre (D:7)
  Grinder (D:3)
  Sigmund (D:3)
  A steam dragon (D:7)
  Duvessa (D:7)
  3 water moccasins
  An orc warrior (D:7)
  A black bear (D:7)
  2 ice beasts
  2 centaurs (D:8)
  2 phantoms
  A bullfrog (D:6)
  4 scorpions
  9 wights
  Dowan (D:7)
  2 howler monkeys (D:7)
  A bombardier beetle (D:5)
  3 hounds
  An orc priest (D:4)
  A gnoll bouda (D:6)
  An iguana (D:6)
  2 orc wizards (D:7)
  Robin (D:3)
  6 gnolls
  10 adders
  2 white imps (D:7)
  3 dart slugs
  2 ribbon worms (D:3)
  13 orcs
  8 endoplasms
  A giant cockroach (D:4)
  24 goblins
  3 hobgoblins
  2 jackals (D:1)
  4 kobolds
  3 quokkas
  13 ball pythons
  5 bats
  4 frilled lizards
  7 rats
153 creatures vanquished.

Vanquished Creatures (collateral kills)
  A wight (D:8)
  A howler monkey (D:7)
  A jelly (D:7)
  An orc wizard (D:8)
  A shadow imp (D:7)
  3 orcs
8 creatures vanquished.

Vanquished Creatures (others)
  3 ancestors
3 creatures vanquished.

Grand Total: 164 creatures vanquished

Notes
Turn   | Place    | Note
-------+----------+-------------------------------------------
     0 | D:1      | wilfster70 the Gnoll Ice Elementalist began the quest for
                  | the Orb.
     0 | D:1      | Reached XP level 1. HP: 13/13 MP: 6/6
   302 | D:1      | Reached XP level 2. HP: 15/19 MP: 7/7
   441 | D:1      | Found a faded altar of an unknown god.
   536 | D:1      | Reached skill level 5 in Spellcasting
   536 | D:1      | Reached XP level 3. HP: 25/25 MP: 7/9
   540 | D:1      | Learned a level 3 spell: Frozen Ramparts
   544 | D:1      | Learned a level 3 spell: Ozocubu's Armour
   856 | D:2      | Found Arphieny's General Store.
   977 | D:2      | Found Loruobb's Magic Scroll Emporium.
   986 | D:2      | Bought a scroll of identify for 28 gold pieces
  1001 | D:2      | Reached skill level 1 in Invocations
  1047 | D:2      | Found a shadowy altar of Dithmenos.
  1431 | D:3      | Reached skill level 1 in Fighting
  1431 | D:3      | Reached skill level 1 in Short Blades
  1431 | D:3      | Reached skill level 1 in Long Blades
  1431 | D:3      | Reached skill level 1 in Axes
  1431 | D:3      | Reached skill level 1 in Maces & Flails
  1431 | D:3      | Reached skill level 1 in Polearms
  1431 | D:3      | Reached skill level 1 in Staves
  1431 | D:3      | Reached skill level 1 in Ranged Weapons
  1431 | D:3      | Reached skill level 1 in Throwing
  1431 | D:3      | Reached skill level 1 in Armour
  1431 | D:3      | Reached skill level 1 in Shields
  1431 | D:3      | Reached skill level 1 in Unarmed Combat
  1431 | D:3      | Reached skill level 1 in Evocations
  1463 | D:3      | Noticed Grinder
  1475 | D:3      | Paralysed by Grinder for 2 turns
  1477 | D:3      | Paralysed by Grinder for 2 turns
  1479 | D:3      | Killed Grinder
  1480 | D:3      | Reached skill level 1 in Conjurations
  1480 | D:3      | Reached skill level 1 in Hexes
  1480 | D:3      | Reached skill level 1 in Summonings
  1480 | D:3      | Reached skill level 1 in Necromancy
  1480 | D:3      | Reached skill level 1 in Translocations
  1480 | D:3      | Reached skill level 1 in Fire Magic
  1480 | D:3      | Reached skill level 1 in Air Magic
  1480 | D:3      | Reached skill level 1 in Earth Magic
  1480 | D:3      | Reached skill level 1 in Alchemy
  1480 | D:3      | Reached skill level 1 in Shapeshifting
  1480 | D:3      | Reached XP level 4. HP: 33/33 MP: 6/11
  1480 | D:3      | Reached XP level 5. HP: 38/38 MP: 6/12
  1480 | D:3      | Reached XP level 6. HP: 44/44 MP: 7/14
  1916 | D:3      | Noticed Sigmund
  1926 | D:3      | Killed Sigmund
  1927 | D:3      | Reached skill level 5 in Dodging
  2055 | D:3      | Noticed Robin
  2071 | D:3      | Killed Robin
  2072 | D:3      | Reached XP level 7. HP: 45/51 MP: 11/15
  2544 | D:4      | Reached skill level 5 in Stealth
  2709 | D:4      | Found a staircase to the Ecumenical Temple.
  2719 | Temple   | Entered the Ecumenical Temple
  2738 | Temple   | Became a worshipper of Hepliaklqana the Forgotten
  3398 | D:5      | Entered Level 5 of the Dungeon
  3431 | D:5      | Found a shadowy altar of Dithmenos.
  3675 | D:5      | Found a burning altar of Makhleb.
  3721 | D:5      | Reached XP level 8. HP: 41/58 MP: 10/16
  3898 | D:5      | Reached * piety under Hepliaklqana
  4393 | D:6      | Found Quucre's Serpentskin Sales.
  4694 | D:6      | Found an iron altar of Okawaru.
  5076 | D:7      | Found a glowing silver altar of Zin.
  5250 | D:7      | Noticed a two-headed ogre
  5278 | D:7      | Killed a two-headed ogre
  5279 | D:7      | Reached skill level 8 in Ice Magic
  5279 | D:7      | Reached XP level 9. HP: 48/58 MP: 11/19
  5468 | D:7      | Reached skill level 5 in Invocations
  5880 | D:7      | Noticed Duvessa
  5883 | D:7      | Noticed Dowan
  5885 | D:7      | Killed Duvessa
  5893 | D:7      | Killed Dowan
  6175 | D:8      | Reached skill level 5 in Fighting
  6175 | D:8      | Reached skill level 5 in Short Blades
  6175 | D:8      | Reached skill level 5 in Long Blades
  6175 | D:8      | Reached skill level 5 in Axes
  6175 | D:8      | Reached skill level 5 in Maces & Flails
  6175 | D:8      | Reached skill level 5 in Polearms
  6175 | D:8      | Reached skill level 5 in Staves
  6175 | D:8      | Reached skill level 5 in Ranged Weapons
  6175 | D:8      | Reached skill level 5 in Throwing
  6175 | D:8      | Reached skill level 5 in Armour
  6175 | D:8      | Reached skill level 5 in Shields
  6175 | D:8      | Reached skill level 5 in Unarmed Combat
  6175 | D:8      | Reached skill level 5 in Evocations
  6175 | D:8      | Reached XP level 10. HP: 50/66 MP: 20/20
  6335 | D:8      | HP: 2/56 [wight/+3 great sword of freezing (1)]
  6339 | D:8      | Slain by a wight

Illustrated notes

Levels and vault maps discovered:
D:1:      roadster_arrival_rocket_large, layout_loops_ring,
          dreamdust_ecumenical_altar_grove, minmay_misc_feat_ornament,
          minmay_pentomino_w4
D:2:      layout_rooms, serial_shops, nicolae_shop_advertising_works
          [nicolae_subvault_shop_adworks], nicolae_square_shop, basic_altar,
          minmay_misc_feat_iff, minivault_5
D:3:      minmay_chambers_of_twos, layout_loops_ring, small_statue_intersection,
          nicolae_elevator_lobby_asterisk, uniq_robin, uniq_sigmund,
          uniq_grinder
D:4:      layout_loops_corners, temple_fountains
D:5:      layout_loops_cross, mainiacjoe_overflow_six_doors_small,
          mainiacjoe_overflow_concentric_impassable, serial_rivers,
          chequers_serial_rivers_micro_e, chequers_serial_rivers_room_b,
          chequers_serial_rivers_micro_e, chequers_serial_rivers_large_a,
          chequers_serial_rivers_micro_d, chequers_serial_rivers_small_b
D:6:      layout_basic, lemuel_coloured_pillars_altar, guppyfry_shop_venom
D:7:      nicolae_BIG_FREAKIN_CUBE, layout_basic, kennysheep_little_box,
          serial_curves, eino_curves_02, eino_curves_03, uniq_duvessa
D:8:      layout_basic, due_lair_maze_entry_diamond
Temple:   cyrus_circular_temple

Skill      XL: |  1  2  3  4  5  6  7  8  9 10 |
---------------+-------------------------------+-----
Spellcasting   | 5 6 7 |  7.3
Invocations    | 2 3 4 5 |  5.7
Fighting       | 1 2 3 4 5 |  5.2
Short Blades   | 1 2 3 4 5 |  5.2
Long Blades    | 1 2 3 4 5 |  5.2
Axes           | 1 2 3 4 5 |  5.2
Maces & Flails | 1 2 3 4 5 |  5.2
Polearms       | 1 2 3 4 5 |  5.2
Staves         | 1 2 3 4 5 |  5.2
Ranged Weapons | 1 2 3 4 5 |  5.2
Throwing       | 1 2 3 4 5 |  5.2
Armour         | 1 2 3 4 5 |  5.2
Shields        | 1 2 3 4 5 |  5.2
Unarmed Combat | 1 2 3 4 5 |  5.2
Evocations     | 1 2 3 4 5 |  5.2
Conjurations   | 1 2 3 4 |  4.3
Hexes          | 1 2 3 4 |  4.3
Summonings     | 1 2 3 4 |  4.3
Necromancy     | 1 2 3 4 |  4.3
Translocations | 1 2 3 4 |  4.3
Fire Magic     | 1 2 3 4 |  4.3
Air Magic      | 1 2 3 4 |  4.3
Earth Magic    | 1 2 3 4 |  4.3
Alchemy        | 1 2 3 4 |  4.3
Shapeshifting  | 1 2 3 4 |  4.7
Dodging        | 5 6 7 |  7.0
Stealth        | 5 6 |  6.7
Ice Magic      | 8 |  8.4

Action                     |  1- 3 |  4- 6 |  7- 9 | 10-12 || total
---------------------------+-------+-------+-------+-------++-------
  Melee: Dagger            |    17 |       |    50 |       ||    67
         Bite              |     4 |       |     5 |       ||     9
   Fire: Sling             |    52 |    49 |   167 |    33 ||   301
  Throw: Dart              |       |       |     1 |       ||     1
   Cast: Freeze            |     3 |       |     1 |       ||     4
         Frozen Ramparts   |     2 |     3 |    25 |     2 ||    32
         Ozocubu's Armour  |       |       |     2 |     1 ||     3
    Use: Scroll            |     3 |       |    15 |       ||    18
         Potion            |       |       |     2 |     3 ||     5
 Armour: Robe              |    21 |    36 |   110 |    29 ||   196
  Dodge: Dodged            |    20 |    42 |   131 |    28 ||   221
  Block: Buckler           |       |       |    40 |    12 ||    52

Table legend: (Time is in decaauts)
 A = Elapsed time spent in this place.
 B = Non-inter-level travel time spent in this place.
 C = Inter-level travel time spent in this place.
 D = Time resting spent in this place.
 E = Time spent auto-exploring this place.
 F = Levels seen in this place.
 G = Mean time per level.
                   A        B        C        D        E       F      G
               +--------+--------+--------+--------+--------+-----+--------+
         Total |   6608 |   6396 |    212 |    753 |   2765 |   9 |  734.2 |
       Dungeon |   6573 |   6376 |    197 |    753 |   2765 |   8 |  821.6 |
        Temple |     34 |     19 |     15 |      0 |      0 |   1 |   34.0 |
               +--------+--------+--------+--------+--------+-----+--------+

Top non-repeatable levels by time:
     D:3: 1125 daAuts
     D:7: 987 daAuts
     D:4: 939 daAuts
     D:6: 862 daAuts
     D:5: 844 daAuts
     D:1: 835 daAuts
     D:2: 611 daAuts
     D:8: 366 daAuts
  Temple: 34 daAuts
